 Dungeon Crawl Stone Soup version 0.25.1-2-g60ff931df9 (webtiles) character file.

Game seed: 8948471125111009544

28483 Descartes the Fighter (level 13, -6/98 HPs)
             Began as a Formicid Fighter on Aug 16, 2020.
             Was an Elder of Cheibriados.
             Mangled by a stone giant (26 damage)
             ... on level 4 of the Lair of Beasts.
             The game lasted 00:58:36 (17882 turns).

Descartes the Fighter (Formicid Fighter)           Turns: 17882, Time: 00:58:36

Health: -6/98      AC: 19    Str: 31    XL:     13   Next: 73%
Magic:  29/29      EV: 11    Int: 24    God:    Cheibriados [****..]
Gold:   464        SH: 15    Dex: 21    Spells: 6/22 levels left

rFire    . . .     SeeInvis +   B - +0 great sword
rCold    . . .     Gourm    .   c - +1 kite shield
rNeg     . . .     Faith    .   S - +1 plate armour "Peodgh" {MP+9 Int+3 Dex+2} (curse)
rPois    +         Spirit   .   (helmet unavailable)
rElec    .         Reflect  .   n - scarf {repulsion}
rCorr    .         Harm     .   b - +0 pair of gloves
MR       +....     Clarity  +   T - +0 pair of boots
Stlth    ..........             L - amulet of regeneration
HPRegen  0.66/turn              H - ring of wizardry
MPRegen  0.21/turn              k - ring of poison resistance

@: very slightly contaminated, invisible, repel missiles, very slow
A: permanent stasis, dig shafts and tunnels, four strong arms, antennae 3,
clarity, frail 1
a: Dig, Shaft Self, Bend Time, Temporal Distortion, Slouch, Renounce Religion


You were on level 4 of the Lair of Beasts.
You worshipped Cheibriados.
Cheibriados was greatly pleased with you.
You were very hungry.

You visited 5 branches of the dungeon, and saw 17 of its levels.
You also visited: Sewer and Ossuary.

You collected 902 gold pieces.
You spent 438 gold pieces at shops.

Inventory:

Hand Weapons
 B - a +0 great sword (weapon)
 D - a +2 morningstar
 I - a +1 whip of electrocution
 J - a +3 spear of flaming
 Q - a +0 antimagic long sword
Missiles
 a - 49 poisoned darts
 h - 405 stones (quivered)
 j - 167 bolts
 m - 14 javelins
 o - 81 sling bullets
 t - 8 boomerangs
 A - 191 arrows
 C - 7 curare-tipped darts
Armour
 b - a +0 pair of gloves (worn)
 c - a +1 kite shield (worn)
 n - a scarf of repulsion (worn)
 S - the cursed +1 plate armour "Peodgh" (worn) {MP+9 Int+3 Dex+2}
   (You found it on level 10 of the Dungeon)

   It affects your intelligence (+3).
   It affects your dexterity (+2).
   It affects your magic capacity (+9).
   It has a curse placed upon it.
 T - a +0 pair of boots (worn)
Magical Staves
 O - an uncursed staff of air {unknown}
Jewellery
 k - a ring of poison resistance (right hand)
 q - an uncursed amulet of magic regeneration
 z - an uncursed amulet of the acrobat
 H - a ring of wizardry (left hand)
 L - an amulet of regeneration (around neck)
 M - a +6 ring of intelligence {unknown}
Wands
 l - a wand of polymorph (17)
 V - a wand of disintegration (14)
 W - a wand of acid (5)
Scrolls
 x - 4 scrolls of enchant armour
 y - 2 scrolls of fog
 E - 2 scrolls of random uselessness {unknown}
 F - a scroll of enchant weapon {unknown}
 G - 4 scrolls of amnesia
 K - 8 scrolls of identify
 N - a scroll of immolation {unknown}
 P - 2 scrolls of remove curse
 X - a scroll of holy word {unknown}
 Y - a scroll of fear
Potions
 d - 7 potions of might
 e - 3 potions of curing
 g - 2 potions of invisibility
 i - 2 potions of brilliance
 p - 2 potions of stabbing
 r - 6 potions of flight
 u - 4 potions of lignification
 v - a potion of haste {unknown}
 w - a potion of ambrosia {unknown}
 R - 3 potions of mutation
Miscellaneous
 U - a phial of floods
Comestibles
 f - 14 rations


   Skills:
 + Level 12.7 Fighting
 + Level 5.1 Long Blades
 + Level 12.6 Armour
 + Level 4.0 Dodging
 + Level 10.1 Shields
 - Level 5.0 Spellcasting
 + Level 3.6 Conjurations
 - Level 5.0 Hexes
 + Level 3.2 Air Magic
 + Level 2.9 Poison Magic
 + Level 5.7 Invocations
 + Level 5.6 Evocations


You had 6 spell levels left.
You knew the following spells:

 Your Spells              Type           Power        Failure   Level  Hunger
a - Confusing Touch       Hex            ####....     9%          3    ##.....
b - Mephitic Cloud        Conj/Pois/Air  ###.....     16%         3    ##.....
c - Silence               Hex/Air        ####......   69%         5    #####..
d - Ensorcelled Hibernat  Hex/Ice        ###...       12%         2    None
e - Dazzling Flash        Conj/Hex       ####..       11%         3    ##.....

Your spell library contained the following spells:

 Spells                   Type           Power        Failure   Level  Hunger
 Corona                   Hex            ####...      2%          1    None
 Magic Dart               Conj           ###.         4%          1    None
 Slow                     Hex            ####....     4%          2    None
 Tukima's Dance           Hex            ####....     9%          3    ##.....
 Foxfire                  Conj/Fire      ##..         11%         1    None
 Cause Fear               Hex            ####......   26%         4    ####...
 Conjure Flame            Conj/Fire      ##......     28%         3    ##.....
 Call Imp                 Summ           #.......     30%         2    None
 Yara's Violent Unravell  Hex/Tmut       ###.......   87%         5    #####..
 Iskenderun's Battlesphe  Conj/Chrm      ##......     93%         5    #####..
 Bolt of Magma            Conj/Fire/Erth ##........   96%         5    #####..
 Iron Shot                Conj/Erth      ##........   100%        6    #######
 Dragon Form              Tmut           #.........   100%        7    #######
 Orb of Destruction       Conj           ###.......   100%        7    #######
 Spellforged Servitor     Conj/Summ      ##........   100%        7    #######
 Discord                  Hex            ####......   100%        8    #######
 Dragon's Call            Summ           #.........   100%        9    #######
 Blink                    Tloc           Unusable     N/A         2    N/A

Dungeon Overview and Level Annotations

Branches:
Dungeon (10/15)            Temple (1/1) D:6            Lair (4/6) D:10
 Shoals (1/4) Lair:4       Spider (1/4) Lair:2        Sewer (visited)
Ossuary (visited)
    Orc: D:9-12

Altars:
Ashenzari
Cheibriados
Dithmenos
Elyvilon
Fedhas
Gozag
Hepliaklqana
Kikubaaqudgha
Makhleb
Nemelex Xobeh
Okawaru
Qazlal
Ru
Sif Muna
Trog
Uskayaw
Vehumet
Wu Jian
Xom
Yredelemnul
Zin
The Shining One

Shops:
D:6 *[

Annotations:
D:8 3 runed translucent doors, Acheron's ghost, novice TeCK; kikerikii's ghost, novice HaAK
D:10 Snorg
Lair:1 exclusion: oklob plant


Innate Abilities, Weirdness & Mutations

You cannot be hasted, slowed, berserked, paralysed or teleported.
You can dig through walls and to a lower floor.
Your four strong arms can wield two-handed weapons with a shield.
You have a pair of large antennae on your head. (SInv)
You possess an exceptional clarity of mind.
You are frail. (-10% HP)


Message History

The stone giant is lightly wounded.
You block the stone giant's attack. The stone giant misses you.
You slash the stone giant!
The stone giant is moderately wounded.
You block the stone giant's attack.
You hit the stone giant but do no damage.
The stone giant is moderately wounded.
The stone giant hits you! You block the stone giant's attack.
You slash the stone giant!
The stone giant is heavily wounded.
The stone giant hits you!!
You slash the stone giant!
The stone giant is heavily wounded.
The stone giant hits you! x2
You fade into invisibility!
The stone giant hits you!!
* * * LOW HITPOINT WARNING * * *
You are very lightly contaminated with residual magic.
You feel better. The stone giant hits you!!
You die...

####..###...=P.........# #P##
#...#...............# #####
#.....#####.####'..#####P##.
#....^#≈≈≈#.#≈≈≈#.#.#.#.....
##.....#≈≈≈###≈≈≈#........#..
##.....##≈≈≈#≈#≈≈≈##.####.###.
#......#≈###'≈####≈### #####.
#......#≈≈≈#≈C≈#≈≈≈# #.#
##......#≈≈≈#≈@≈#≈≈≈# ###
#...#.PP#≈≈≈#≈≈≈#≈≈≈# #
#...#.###≈####≈'###≈### #
##########≈≈≈#≈#≈≈≈##.# #
#.#≈≈≈###≈≈≈#.### ####
#.#≈≈≈#.#≈≈≈#.#.# #..#
#.'####.#####..## #..#
###..............#
##..###...####.....P####


You could see a stone giant.

Vanquished Creatures
  Gastronok (Lair:3)
  A merfolk impaler (Shoals:1)
  4 hydras (Lair:4)
  An unseen horror (D:10)
  2 fauns (Shoals:1)
  A wolf spider (Lair:2)
  A manticore (Lair:4)
  A torpor snail (Lair:4)
  A black mamba (Lair:4)
  9 spiny frogs
  A rime drake (Lair:4)
  A rime drake (shapeshifter) (D:4)
  3 komodo dragons
  A merfolk (Shoals:1)
  9 blink frogs
  A hornet (D:9)
  6 hippogriffs
  2 redbacks (Lair:2)
  A spriggan (D:9)
  39 yaks
  A wyvern (D:10)
  5 basilisks
  2 hungry ghosts
  7 water moccasins
  5 porcupines
  4 orc warriors
  2 ice beasts
  2 black bears (D:10)
  5 ogres
  4 wolves (Lair:2)
  2 centaurs
  9 crocodiles
  6 bullfrogs
  A big kobold (D:7)
  A gnoll sergeant (D:8)
  An elf skeleton (D:8)
  9 killer bees
  2 scorpions
  3 wights (D:4)
  2 howler monkeys (D:9)
  A jelly (D:7)
  2 crimson imps
  3 bullfrog zombies
  2 human zombies (Ossuary)
  4 hounds
  3 orc priests
  A centaur skeleton (D:6)
  Crazy Yiuf (D:2)
  12 orc wizards
  3 human skeletons (D:8)
  A bullfrog skeleton (D:10)
  3 iguanas
  Natasha (thrice) (D:3)
  6 worker ants
  2 big kobold zombies (Ossuary)
  2 hound skeletons
  2 mummies (Ossuary)
  A howler monkey zombie (D:6)
  6 gnolls
  11 adders
  2 shadow imps
  4 oozes
  An adder skeleton (D:5)
  2 adder zombies (Ossuary)
  9 worms
  7 leopard geckos
  47 orcs
  11 bats
  8 giant cockroaches
  10 goblins
  12 hobgoblins
  14 jackals
  17 kobolds
  4 quokkas
  5 ball pythons
  7 frilled lizards
  4 goblin zombies (Ossuary)
  13 hobgoblin zombies (Ossuary)
  A jackal zombie (Ossuary)
  5 kobold zombies (Ossuary)
  A leopard gecko skeleton (D:6)
  A leopard gecko zombie (D:6)
  2 orc skeletons (D:8)
  7 orc zombies (Ossuary)
  4 rats
  A rat zombie (Ossuary)
  2 fungi (D:2)
429 creatures vanquished.

Vanquished Creatures (others)
  23 fungi
  33 plants
  A withered plant (D:8)
57 creatures vanquished.

Grand Total: 486 creatures vanquished

Notes
Turn   | Place    | Note
-------+----------+-------------------------------------------
     0 | D:1      | Descartes the Formicid Fighter began the quest for the Orb.
     0 | D:1      | Reached XP level 1. HP: 18/18 MP: 1/1
    62 | D:1      | You fall into a shaft and drop 1 floor!
   152 | D:2      | Reached XP level 2. HP: 15/24 MP: 2/2
   479 | D:2      | Reached XP level 3. HP: 30/30 MP: 3/3
   599 | D:2      | Found a basalt altar of Yredelemnul.
   611 | D:2      | Found a sacrificial altar of Ru.
   617 | D:2      | Found a shimmering altar of Xom.
  1024 | D:2      | Reached XP level 4. HP: 30/37 MP: 4/4
  1298 | D:2      | Found a runed translucent door.
  1299 | D:2      | Noticed Crazy Yiuf
  1306 | D:2      | Killed Crazy Yiuf
  1573 | D:3      | Reached XP level 5. HP: 41/43 MP: 5/5
  1685 | D:3      | Found a shimmering blue altar of Sif Muna.
  1754 | D:3      | Reached skill level 5 in Shields
  1990 | D:3      | Noticed Natasha
  1996 | D:3      | Killed Natasha
  1996 | D:3      | Reached XP level 6. HP: 45/49 MP: 6/6
  2124 | D:3      | Found a glowing drain.
  2135 | Sewer    | Entered a sewer
  2151 | Sewer    | Reached skill level 5 in Fighting
  2372 | Sewer    | Reached skill level 5 in Armour
  3061 | D:3      | Noticed Natasha
  3068 | D:3      | Killed Natasha
  3211 | D:3      | Noticed Natasha
  3220 | D:3      | Killed Natasha
  3874 | D:1      | Reached XP level 7. HP: 56/56 MP: 7/7
  4191 | D:4      | Noticed a shapeshifter
  4191 | D:4      | a worker ant changed into a shapeshifter
  4191 | D:4      | Noticed a rime drake
  4191 | D:4      | a shapeshifter changed into a rime drake
  4194 | D:4      | Killed a rime drake
  4288 | D:4      | Reached XP level 8. HP: 64/64 MP: 8/8
  4981 | D:4      | Found a shadowy altar of Dithmenos.
  5260 | D:5      | Entered Level 5 of the Dungeon
  5543 | D:5      | Found an ancient bone altar of Kikubaaqudgha.
  5569 | D:5      | Reached XP level 9. HP: 72/72 MP: 9/9
  6190 | D:6      | Found a staircase to the Ecumenical Temple.
  6202 | Temple   | Entered the Ecumenical Temple
  6349 | Temple   | Became a worshipper of Cheibriados the Contemplative
  6671 | D:6      | Found a radiant altar of Vehumet.
  6686 | D:6      | Found Suaruc's Armour Boutique.
  6886 | D:6      | Bought a cursed +0 chain mail for 49 gold pieces
  7092 | D:6      | Bought a scarf of repulsion for 168 gold pieces
  7112 | D:6      | Found Ypni's Assorted Antiques.
  7120 | D:6      | Bought a scroll labeled HOERHA YGEAD for 28 gold pieces
  7125 | D:6      | Found the +5 robe of Misfortune {*Contam Harm *Corrode
                  | *Drain *Slow EV+5}
  7498 | D:7      | Reached * piety under Cheibriados
  7923 | D:7      | Noticed a hippogriff
  7974 | D:7      | Killed a hippogriff
  7974 | D:7      | Reached XP level 10. HP: 20/83 MP: 10/10
  8251 | D:7      | Reached ** piety under Cheibriados
  8856 | D:7      | Found a glowing golden altar of the Shining One.
  8856 | D:7      | Found an opulent altar of Gozag.
  9006 | D:7      | Reached skill level 10 in Fighting
  9012 | D:7      | Reached skill level 10 in Armour
  9368 | D:8      | Found an iron altar of Okawaru.
  9424 | D:8      | Found a sand-covered staircase.
  9442 | D:8      | Reached *** piety under Cheibriados
  9446 | Ossuary  | Entered an ossuary
  9976 | D:6      | Bought a sapphire potion for 25 gold pieces
  9976 | D:6      | Bought a scroll of identify for 56 gold pieces
  9976 | D:6      | Bought a scroll of identify for 56 gold pieces
  9976 | D:6      | Bought a scroll of identify for 56 gold pieces
 10202 | D:8      | Found a runed translucent gate.
 10282 | D:8      | Found an iron altar of Okawaru.
 10748 | D:8      | Found a blossoming altar of Fedhas.
 10866 | D:8      | Found a runed translucent gate.
 10867 | D:8      | Found a runed translucent gate.
 10868 | D:8      | Noticed Acheron's ghost (novice TeCK)
 10868 | D:8      | Noticed kikerikii's ghost (novice HaAK)
 10989 | D:8      | Gained mutation: You are dopey. (Int -2) [potion of
                  | mutation]
 10989 | D:8      | Gained mutation: Your muscles are strong. (Str +2) [potion
                  | of mutation]
 11116 | D:9      | Reached **** piety under Cheibriados
 11652 | D:9      | Learned a level 3 spell: Confusing Touch
 11756 | D:10     | Entered Level 10 of the Dungeon
 11789 | D:10     | Reached XP level 11. HP: 93/93 MP: 11/11
 11813 | D:10     | Noticed an unseen horror
 11815 | D:10     | Noticed Snorg
 11997 | D:10     | Reached skill level 1 in Hexes
 11997 | D:10     | Reached skill level 1 in Invocations
 11997 | D:10     | Reached skill level 1 in Evocations
 12013 | D:10     | Reached skill level 1 in Spellcasting
 12095 | D:10     | Killed an unseen horror
 12187 | D:10     | Reached ***** piety under Cheibriados
 12276 | D:10     | Learned a level 3 spell: Mephitic Cloud
 12300 | D:10     | Found a staircase to the Lair.
 12309 | D:10     | Got a smouldering plate armour
 12321 | D:10     | Identified the cursed +1 plate armour "Peodgh" {MP+9 Int+3
                  | Dex+2} (You found it on level 10 of the Dungeon)
 12326 | Lair:1   | Entered Level 1 of the Lair of Beasts
 12788 | Lair:1   | Noticed an oklob plant
 12899 | Lair:1   | Reached XP level 12. HP: 80/102 MP: 17/17
 13020 | Lair:1   | Reached skill level 1 in Dodging
 13842 | Lair:2   | Reached skill level 5 in Hexes
 13904 | Lair:2   | Found a hole to the Spider Nest.
 13919 | Lair:2   | Learned a level 5 spell: Silence
 13922 | Lair:2   | Learned a level 2 spell: Ensorcelled Hibernation
 13926 | Lair:2   | Learned a level 3 spell: Dazzling Flash
 13943 | Lair:2   | Reached skill level 5 in Invocations
 14185 | Lair:2   | Reached ****** piety under Cheibriados
 14255 | Lair:2   | Reached skill level 1 in Conjurations
 14543 | Lair:2   | Reached skill level 1 in Air Magic
 14572 | Lair:2   | Reached skill level 5 in Evocations
 15077 | Lair:3   | Noticed Gastronok
 15092 | Lair:3   | Killed Gastronok
 15192 | Lair:3   | Lost mutation: Your muscles are strong. (Str +2) [potion of
                  | mutation]
 15192 | Lair:3   | Lost mutation: You are dopey. (Int -2) [potion of mutation]
 15192 | Lair:3   | Gained mutation: You are frail. (-10% HP) [potion of
                  | mutation]
 15192 | Lair:3   | Gained mutation: You possess an exceptional clarity of
                  | mind. [potion of mutation]
 15675 | Lair:4   | Noticed a six-headed hydra
 15680 | Lair:4   | Reached XP level 13. HP: 67/98 MP: 20/20
 15687 | Lair:4   | Killed a seven-headed hydra
 15687 | Lair:4   | Reached skill level 5 in Spellcasting
 15921 | Spider:1 | Entered Level 1 of the Spider Nest
 16441 | Lair:4   | Found a staircase to the Shoals.
 16532 | Lair:4   | Reached skill level 1 in Poison Magic
 16717 | Lair:4   | Noticed a five-headed hydra
 16728 | Lair:4   | Killed a five-headed hydra
 16728 | Lair:4   | Reached skill level 10 in Shields
 16982 | Lair:4   | Noticed a four-headed hydra
 16997 | Lair:4   | Killed a four-headed hydra
 17086 | Lair:4   | Noticed a four-headed hydra
 17102 | Lair:4   | Killed a four-headed hydra
 17102 | Lair:4   | Reached skill level 5 in Long Blades
 17536 | Shoals:1 | Entered Level 1 of the Shoals
 17735 | Shoals:1 | Noticed a merfolk impaler
 17771 | Shoals:1 | Killed a merfolk impaler
 17776 | Shoals:1 | Noticed a stone giant
 17882 | Lair:4   | Mangled by a stone giant

Illustrated notes

Levels and vault maps discovered:
D:1:      dpeg_arrival_round_a, layout_basic
D:2:      layout_loops_ring, nicolae_overflow_hidden_temple, first_ration,
          uniq_crazy_yiuf_cottage
D:3:      layout_basic, overflow_temple_1_default, cheibrodos_sewer_entry_bend,
          uniq_natasha
D:4:      minmay_recursive_quarters, layout_basic, grunt_dithmenos_shadows,
          minmay_a_box_with_orc_wizards_in_it
D:5:      layout_loops_ring, basic_altar
D:6:      layout_rooms, minmay_temple_entry_large_hall, serial_shops, shop,
          nicolae_shop_stone, basic_altar
D:7:      corexii_shack_village, layout_basic,
          gammafunk_temple_overflow_elements
D:8:      layout_basic, lemuel_crystal_altar, kennysheep_little_box,
          nicolae_ossuary_entry_catacombs, gammafunk_ghost_cemetery, basic_altar
D:9:      layout_basic, the_bakery, skrybe_limestone_x
D:10:     layout_rooms, grunt_lair_entry_orc_guard_hut, serial_shops, shop,
          serial_bayou_pond_e, patterned_corridor, uniq_joseph, uniq_grum,
          uniq_snorg
Temple:   dshaligram_water_room_temple
Lair:1:   layout_regular_city
Lair:2:   layout_layer_cave, spider_nest_entry_webs
Lair:3:   layout_roguey, uniq_gastronok
Lair:4:   layout_cave_pods, elwin_shoals_entry_rooms
Shoals:1: layout_shoals, st_shoals_ruin
Spider:1: layout_spider_delve, minivault_29

Skill      XL: |  1  2  3  4  5  6  7  8  9 10 11 12 13 |
---------------+----------------------------------------+-----
Shields        | 4 5 6 8 9 10 | 10.1
Fighting       | 4 5 6 7 9 11 12 | 12.7
Armour         | 4 5 6 7 9 11 12 | 12.6
Hexes          | 4 5 |  5.0
Invocations    | 4 5 |  5.7
Evocations     | 4 5 |  5.6
Spellcasting   | 3 4 5 |  5.0
Dodging        | 3 4 |  4.0
Long Blades    | 4 5 |  5.1
Conjurations   | 2 3 |  3.6
Air Magic      | 2 3 |  3.2
Poison Magic   | 2 |  2.9

Action                   |  1- 3 |  4- 6 |  7- 9 | 10-12 | 13-15 || total
-------------------------+-------+-------+-------+-------+-------++-------
Melee: Long sword        |   110 |    25 |       |       |       ||   135
       Quarterstaff      |       |   181 |   208 |       |       ||   389
       Great sword       |       |       |   143 |   758 |   189 ||  1090
       Spear             |       |       |       |       |    25 ||    25
Invok: Bend Time         |       |       |       |     1 |       ||     1
       Slouch            |       |       |       |       |     7 ||     7
       Temporal Distorti |       |       |       |       |     1 ||     1
 Abil: Dig               |     1 |    24 |     3 |    11 |     5 ||    44
Evoke: Wand              |       |       |       |       |     1 ||     1
  Use: Scroll            |       |     6 |     4 |     9 |       ||    19
       Potion            |       |     1 |     2 |     6 |     7 ||    16
 Stab: Paralysed         |       |       |     1 |       |       ||     1
       Petrified         |       |       |     2 |       |       ||     2
       Invisible         |       |       |       |       |     3 ||     3
  Eat: Chunk             |     1 |     8 |    11 |    16 |     2 ||    38
       Ration            |       |     1 |     2 |     1 |     1 ||     5
Armor: Scale mail        |    53 |     3 |       |       |       ||    56
       Chain mail        |       |    95 |   207 |     7 |       ||   309
       Plate armour      |       |       |       |   519 |   128 ||   647
Dodge: Dodged            |    24 |    49 |   114 |   386 |   100 ||   673
       Repelled          |       |       |       |     1 |     2 ||     3
Block: Kite shield       |    68 |   138 |   281 |   940 |   236 ||  1663
       Rpst.: Long sword |     9 |     1 |       |       |       ||    10
       Great sword       |       |       |    19 |   118 |    21 ||   158
